 Seeded DCSS version 0.29-a0-876-gfc89b1a5bd (webtiles) character file.

Game seed: 8897551386731462229 (custom seed)

219 wilfster70 the Vexing (level 5, 0/41 HPs)
             Began as a Gnoll Arcane Marksman on July 19, 2022.
             Slain by an orc priest
             ... wielding a +0 hand axe
              (4 damage)
             ... on level 3 of the Dungeon.
             The game lasted 00:06:48 (2791 turns).

wilfster70 the Vexing (Gnoll Arcane Marksman)       Turns: 2791, Time: 00:06:48

Health: 0/41       AC:  7    Str:  9    XL:     5   Next: 96%
Magic:  10/10      EV: 13    Int: 15    God:
Gold:   282        SH:  0    Dex: 12    Spells: 9/10 levels left

rFire   . . .      SeeInvis .   b - +0 dagger (holy)
rCold   . . .      Faith    .   (no shield)
rNeg    . . .      Spirit   .   c - +0 robe
rPois   .          Reflect  .   (no helmet)
rElec   .          Harm     .   (no cloak)
rCorr   .          Rampage  .   j - +0 pair of gloves
Will    .....                   (no boots)
Stlth   ++........              m - amulet of the acrobat
HPRegen 0.13/turn               k - +4 ring of protection
MPRegen 0.12/turn               (no ring)

@: no status effects
A: fangs 1, strong nose, distributed training
a: no special abilities


You were on level 3 of the Dungeon.
You visited 1 branch of the dungeon, and saw 3 of its levels.

You collected 282 gold pieces.

Inventory:

Hand Weapons
 a - a +1 longbow of freezing
 b - a +0 dagger of holy wrath (weapon)
Missiles
 f - 2 javelins
 s - 2 poisoned darts
Armour
 c - a +0 robe (worn)
 j - a +0 pair of gloves (worn)
Jewellery
 k - a +4 ring of protection (left hand)
 m - an amulet of the acrobat (around neck)
 v - a ring of fire
Scrolls
 d - a scroll of enchant armour {unknown}
 e - 2 scrolls of vulnerability
 g - a scroll of poison
 h - a scroll of magic mapping {unknown}
 i - 2 scrolls of noise {unknown}
 l - 3 scrolls of teleportation {unknown}
 o - 2 scrolls of amnesia {unknown}
 p - 2 scrolls of blinking {unknown}
 q - a scroll of enchant weapon {unknown}
 r - 4 scrolls of identify
 u - a scroll of brand weapon {unknown}
Potions
 t - a potion of mutation {unknown}
 w - a potion of flight {unknown}


   Skills:
 + Level 3.1 Fighting
 + Level 1.8 Short Blades
 + Level 1.8 Long Blades
 + Level 1.8 Axes
 + Level 1.8 Maces & Flails
 + Level 1.8 Polearms
 + Level 1.8 Staves
 + Level 4.9 Ranged Weapons
 + Level 1.8 Throwing
 + Level 1.8 Armour
 + Level 4.9 Dodging
 + Level 1.8 Stealth
 + Level 1.8 Shields
 + Level 1.8 Unarmed Combat
 + Level 3.3 Spellcasting
 + Level 1.4 Conjurations
 + Level 5.6 Hexes
 + Level 1.4 Summonings
 + Level 1.4 Necromancy
 + Level 1.4 Translocations
 + Level 1.4 Transmutations
 + Level 1.4 Fire Magic
 + Level 1.4 Ice Magic
 + Level 1.4 Air Magic
 + Level 1.4 Earth Magic
 + Level 1.4 Poison Magic
 + Level 2.0 Invocations
 + Level 1.8 Evocations


You had 9 spell levels left.
You knew the following spells:

 Your Spells              Type           Power      Damage    Failure   Level
a - Slow                  Hex            76%        N/A       1%          1

Your spell library contained the following spells:

 Spells                   Type           Power      Damage    Failure   Level
 Ensorcelled Hibernation  Hex/Ice        26%        N/A       7%          2
 Apportation              Tloc           12%        N/A       11%         1
 Necrotise                Necr           24%        1d5       11%         1
 Summon Small Mammal      Summ           24%        N/A       11%         1
 Inner Flame              Hex/Fire       13%        N/A       14%         3
 Portal Projectile        Hex/Tloc       26%        N/A       14%         3
 Passwall                 Tmut/Erth      5%         N/A       16%         2
 Cause Fear               Hex            9%         N/A       19%         4
 Swiftness                Air            6%         N/A       32%         3
 Iskenderun's Mystic Bla  Conj/Tloc      6%         2d4       71%         4
 Sticky Flame             Conj/Fire      6%         2d3       71%         4
 Summon Lightning Spire   Summ/Air       6%         N/A       71%         4
 Fireball                 Conj/Fire      3%         3d4       96%         5
 Iskenderun's Battlesphe  Conj           6%         2d6       96%         5
 Lightning Bolt           Conj/Air       3%         1d14      96%         5
 Iron Shot                Conj/Erth      3%         9d2       100%        6


Dungeon Overview and Level Annotations

Branches:
Dungeon (3/15)

Altars:
Trog
Xom


Innate Abilities, Weirdness & Mutations

You have very sharp teeth.
Your uncanny sense of smell can sniff out nearby items.
Your experience applies equally to all skills.


Message History

Something completely misses you.
You bump into the rock wall.
The orc priest hits you but does no damage.
Something hits you but does no damage.
You hit the orc priest. You punch the orc priest.
The orc priest is moderately wounded.
The orc priest misses you. Something hits you but does no damage.
You're too confused to move!
The orc priest hits you but does no damage.
You hear some strange, mumbled words.
Something tries to affect you, but you resist.
You closely miss something.
The orc priest invokes the aid of Beogh against you.
Pain shoots through your body! Something hits you but does no damage.
You bump into the rock wall.
The orc priest barely misses you. Something hits you.
You miss the orc priest.
The orc priest is moderately wounded.
The orc priest calls down the wrath of Beogh upon you.
Pain shoots through your body!
* * * LOW HITPOINT WARNING * * *
Something hits you but does no damage.
You bump into the rock wall.
The orc priest hits you with a +0 hand axe.
* * * LOW HITPOINT WARNING * * *
You hear some strange, mumbled words.
A magic dart appears from out of thin air!
The magic dart hits you.
* * * LOW HITPOINT WARNING * * *
You feel better. The orc priest barely misses you. Something hits you.
* * * LOW HITPOINT WARNING * * *
You barely miss the orc priest.
The orc priest is lightly wounded.
The orc priest hits you with a +0 hand axe!
* * * LOW HITPOINT WARNING * * *
Something hits you but does no damage.
You completely miss the orc priest.
The orc priest is lightly wounded.
The orc priest hits you with a +0 hand axe.
You die...

#..# #.._...........#
#..###....###........
#..#................#
#..............######
#.##.#####.##..#
#.......##.##........
####.##.##.##..######
#o##.##.##..# .
#@{o....##..# ##
####.#####..#.#### #
#... >..# #.##.#
#.#... #.##.....
#.......# #.#####.#
#.#


You could see an orc priest and an orc.

Vanquished Creatures
  7 adders
  7 gnolls (D:3)
  A worm (D:2)
  A dart slug (D:1)
  10 orcs (D:3)
  6 ball pythons
  4 bats
  9 endoplasms
  2 giant cockroaches (D:2)
  2 goblins (D:2)
  6 hobgoblins
  4 jackals (D:1)
  8 kobolds
  7 frilled lizards
  A rat (D:3)
75 creatures vanquished.

Notes
Turn   | Place    | Note
-------+----------+-------------------------------------------
     0 | D:1      | wilfster70 the Gnoll Arcane Marksman began the quest for
                  | the Orb.
     0 | D:1      | Reached XP level 1. HP: 17/17 MP: 4/4
    62 | D:1      | Reached XP level 2. HP: 20/23 MP: 5/5
   416 | D:1      | Identified 2 scrolls of acquirement
   416 | D:1      | Acquired wilfster70's Vellum of Meteoric Conjuring
   418 | D:1      | Acquired a +1 longbow of freezing
   809 | D:2      | Found a faded altar of an unknown god.
   815 | D:2      | Reached XP level 3. HP: 28/28 MP: 7/7
   979 | D:2      | Reached skill level 1 in Invocations
  1046 | D:2      | Reached skill level 1 in Short Blades
  1046 | D:2      | Reached skill level 1 in Long Blades
  1046 | D:2      | Reached skill level 1 in Axes
  1046 | D:2      | Reached skill level 1 in Maces & Flails
  1046 | D:2      | Reached skill level 1 in Polearms
  1046 | D:2      | Reached skill level 1 in Staves
  1046 | D:2      | Reached skill level 1 in Throwing
  1046 | D:2      | Reached skill level 1 in Armour
  1046 | D:2      | Reached skill level 1 in Stealth
  1046 | D:2      | Reached skill level 1 in Shields
  1046 | D:2      | Reached skill level 1 in Unarmed Combat
  1046 | D:2      | Reached skill level 1 in Evocations
  1055 | D:2      | Reached XP level 4. HP: 20/34 MP: 8/8
  1311 | D:2      | Reached skill level 1 in Conjurations
  1311 | D:2      | Reached skill level 1 in Summonings
  1311 | D:2      | Reached skill level 1 in Necromancy
  1311 | D:2      | Reached skill level 1 in Translocations
  1311 | D:2      | Reached skill level 1 in Transmutations
  1311 | D:2      | Reached skill level 1 in Fire Magic
  1311 | D:2      | Reached skill level 1 in Ice Magic
  1311 | D:2      | Reached skill level 1 in Air Magic
  1311 | D:2      | Reached skill level 1 in Earth Magic
  1311 | D:2      | Reached skill level 1 in Poison Magic
  2090 | D:3      | Reached XP level 5. HP: 40/40 MP: 9/9
  2182 | D:3      | Found a bloodstained altar of Trog.
  2253 | D:3      | Found a shimmering altar of Xom.
  2350 | D:3      | HP: 2/41 [gnoll/+2 halberd of venom (4)]
  2791 | D:3      | Slain by an orc priest

Illustrated notes

Levels and vault maps discovered:
D:1:      lemuel_arrival_behind_the_door_large, layout_basic, minivault_24,
          dreamdust_wishing_well, moated_statue, minmay_hedge_maze
D:2:      layout_basic, dreamdust_ecumenical_altar_grove, eino_tiny_chamber,
          minmay_joined_circles
D:3:      layout_loops_ring, bloody_trog, mainiacjoe_overflow_tiny_flanked,
          minmay_fractal_squares_gapless_5

Skill      XL: |  1  2  3  4  5 |
---------------+----------------+-----
Invocations    | 1 2 |  2.0
Short Blades   | 1 |  1.8
Long Blades    | 1 |  1.8
Axes           | 1 |  1.8
Maces & Flails | 1 |  1.8
Polearms       | 1 |  1.8
Staves         | 1 |  1.8
Throwing       | 1 |  1.8
Armour         | 1 |  1.8
Stealth        | 1 |  1.8
Shields        | 1 |  1.8
Unarmed Combat | 1 |  1.8
Evocations     | 1 |  1.8
Spellcasting   | 3 |  3.3
Conjurations   | 1 |  1.4
Summonings     | 1 |  1.4
Necromancy     | 1 |  1.4
Translocations | 1 |  1.4
Transmutations | 1 |  1.4
Fire Magic     | 1 |  1.4
Ice Magic      | 1 |  1.4
Air Magic      | 1 |  1.4
Earth Magic    | 1 |  1.4
Poison Magic   | 1 |  1.4
Fighting       | 3 |  3.1
Ranged Weapons | |  4.9
Dodging        | |  4.9
Hexes          | |  5.6

Action                   |  1- 3 |  4- 6 || total
-------------------------+-------+-------++-------
Melee: Dagger            |       |     9 ||     9
       Bite              |       |     2 ||     2
       Punch             |       |     1 ||     1
 Fire: Sling             |    38 |       ||    38
       Longbow           |    44 |   111 ||   155
  Use: Scroll            |     2 |     2 ||     4
       Potion            |     1 |     3 ||     4
Armor: Robe              |    21 |    32 ||    53
Dodge: Dodged            |    52 |    58 ||   110

Table legend: (Time is in decaauts)
 A = Elapsed time spent in this place.
 B = Non-inter-level travel time spent in this place.
 C = Inter-level travel time spent in this place.
 D = Time resting spent in this place.
 E = Time spent auto-exploring this place.
 F = Levels seen in this place.
 G = Mean time per level.
                   A        B        C        D        E       F      G
               +--------+--------+--------+--------+--------+-----+--------+
         Total |   2866 |   2834 |     32 |    480 |   1444 |   3 |  955.3 |
       Dungeon |   2866 |   2834 |     32 |    480 |   1444 |   3 |  955.3 |
               +--------+--------+--------+--------+--------+-----+--------+

Top non-repeatable levels by time:
     D:3: 1086 daAuts
     D:2: 1026 daAuts
     D:1: 754 daAuts
